 Dungeon Crawl Stone Soup version 0.25.1-2-g60ff931df9 (webtiles) character file.

Game seed: 13698139399230435430

76 ubername the Vexing (level 4, 0/34 HPs)
             Began as a Gnoll Arcane Marksman on Sept 27, 2020.
             Was an Initiate of Fedhas.
             Slain by an orc
             ... wielding a +0 short sword
              (2 damage)
             ... on level 3 of the Dungeon.
             The game lasted 00:04:58 (1842 turns).

ubername the Vexing (Gnoll Arcane Marksman)         Turns: 1842, Time: 00:04:59

Health: 0/34       AC:  5    Str: 12    XL:     4   Next: 32%
Magic:  8/8        EV: 13    Int: 15    God:    Fedhas [......]
Gold:   113        SH:  0    Dex: 17    Spells: 8/9 levels left

rFire    . . .     SeeInvis .   l - -1 dagger (curse)
rCold    . . .     Gourm    .   (no shield)
rNeg     . . .     Faith    .   h - +0 ring mail
rPois    .         Spirit   .   (no helmet)
rElec    .         Reflect  .   (no cloak)
rCorr    .         Harm     .   (no gloves)
MR       .....                  (no boots)
Stlth    +.........             (no amulet)
HPRegen  0.11/turn              (no ring)
MPRegen  0.11/turn              (no ring)

@: no status effects
A: distributed training, fangs 1, strong nose
a: Renounce Religion


You were on level 3 of the Dungeon.
You worshipped Fedhas.
Fedhas was noncommittal.
You were not hungry.

You visited 1 branch of the dungeon, and saw 3 of its levels.

You collected 113 gold pieces.

Inventory:

Hand Weapons
 a - a +0 hunting sling
 c - a +0 club
 g - a cursed -1 short sword
 l - a cursed -1 dagger (weapon)
Missiles
 d - 18 sling bullets
 i - 41 stones (quivered)
Armour
 e - a +0 robe
 h - a +0 ring mail (worn)
 n - a +0 scale mail
Jewellery
 m - an uncursed ring of protection from fire {unknown}
Wands
 p - a wand of digging (4)
Potions
 j - 2 potions of berserk rage
 k - 3 potions of brilliance
 o - a potion of haste {unknown}
Comestibles
 b - 3 chunks of flesh
 f - 2 rations


   Skills:
 + Level 2.7 Fighting
 + Level 1.1 Short Blades
 + Level 1.1 Long Blades
 + Level 1.1 Axes
 + Level 1.1 Maces & Flails
 + Level 1.1 Polearms
 + Level 1.1 Staves
 + Level 4.6 Slings
 + Level 1.1 Bows
 + Level 1.1 Crossbows
 + Level 1.1 Throwing
 + Level 1.1 Armour
 + Level 4.6 Dodging
 + Level 1.1 Stealth
 + Level 1.1 Shields
 + Level 1.1 Unarmed Combat
 + Level 3.0 Spellcasting
 + Level 0.8 Conjurations
 + Level 5.4 Hexes
 + Level 0.8 Charms
 + Level 0.8 Summonings
 + Level 0.8 Necromancy
 + Level 0.8 Translocations
 + Level 0.8 Transmutations
 + Level 0.8 Fire Magic
 + Level 0.8 Ice Magic
 + Level 0.8 Air Magic
 + Level 0.8 Earth Magic
 + Level 0.8 Poison Magic
 + Level 1.2 Invocations
 + Level 1.1 Evocations


You had 8 spell levels left.
You knew the following spells:

 Your Spells              Type           Power        Failure   Level  Hunger
a - Corona                Hex            ###....      4%          1    #......

Your spell library contained the following spells:

 Spells                   Type           Power        Failure   Level  Hunger
 Slow                     Hex            ###.....     8%          2    ##.....
 Inner Flame              Hex/Fire       ##......     36%         3    ###....
 Portal Projectile        Hex/Tloc       ##....       36%         3    ###....
 Cause Fear               Hex            ###.......   43%         4    #####..
 Leda's Liquefaction      Hex/Erth       ##........   77%         4    #####..


Dungeon Overview and Level Annotations

Branches:
Dungeon (3/15)

Altars:
Fedhas
Ru


Innate Abilities, Weirdness & Mutations

Your experience applies equally to all skills.
You have very sharp teeth.
Your uncanny sense of smell can sniff out nearby items.


Message History

You hit the orc. You bite the orc, but do no damage.
The orc is almost dead.
The jackal bites you but does no damage.
The orc closely misses you. The jackal misses you.
You hit the orc but do no damage.
The orc is almost dead.
The jackal bites you but does no damage.
The orc hits you with a +0 short sword.
* * * LOW HITPOINT WARNING * * *
You hit the orc but do no damage. You bite the orc, but do no damage.
The orc is almost dead.
The orc stops glowing.
The jackal bites you but does no damage.
The orc closely misses you.
The jackal bites you but does no damage.
You hit the orc but do no damage.
The orc is almost dead.
The orc hits you with a +0 short sword.
You die...
Fedhas appreciates your contribution to the ecosystem.

..# ∆ . #..# ∆∆..
##... ..
.....######.#.$
............So.
#........# ##.# #
##########..###....
....hhh@or......#
#########..####.#
#..## ##.##
#######..#
.......<##
######### ∆


You could see an orc, a quokka and 3 jackals.

Vanquished Creatures
  3 adders
  2 dart slugs
  A leopard gecko (D:1)
  4 bats
  A giant cockroach (D:2)
  5 goblins
  8 hobgoblins
  6 jackals
  3 frilled lizards
  4 kobolds
  9 rats
46 creatures vanquished.

Notes
Turn   | Place    | Note
-------+----------+-------------------------------------------
     0 | D:1      | ubername the Gnoll Arcane Marksman began the quest for the
                  | Orb.
     0 | D:1      | Reached XP level 1. HP: 17/17 MP: 4/4
    78 | D:1      | Reached XP level 2. HP: 18/23 MP: 5/5
   403 | D:1      | Reached XP level 3. HP: 24/28 MP: 7/7
   891 | D:2      | Found a blossoming altar of Fedhas.
   903 | D:2      | Became a worshipper of Fedhas Madash
  1035 | D:2      | Found a sacrificial altar of Ru.
  1131 | D:2      | Reached skill level 1 in Invocations
  1150 | D:2      | Reached skill level 1 in Short Blades
  1150 | D:2      | Reached skill level 1 in Long Blades
  1150 | D:2      | Reached skill level 1 in Axes
  1150 | D:2      | Reached skill level 1 in Maces & Flails
  1150 | D:2      | Reached skill level 1 in Polearms
  1150 | D:2      | Reached skill level 1 in Staves
  1150 | D:2      | Reached skill level 1 in Bows
  1150 | D:2      | Reached skill level 1 in Crossbows
  1150 | D:2      | Reached skill level 1 in Throwing
  1150 | D:2      | Reached skill level 1 in Armour
  1150 | D:2      | Reached skill level 1 in Stealth
  1150 | D:2      | Reached skill level 1 in Shields
  1150 | D:2      | Reached skill level 1 in Unarmed Combat
  1150 | D:2      | Reached skill level 1 in Evocations
  1248 | D:2      | Reached XP level 4. HP: 34/34 MP: 8/8
  1842 | D:3      | Slain by an orc

Illustrated notes

Levels and vault maps discovered:
D:1:      dpeg_arrival_court, layout_basic, minmay_vboxes
D:2:      layout_loops_ring, lemuel_doored_altar, supply_closet_lemuel,
          fedhas_altar_1
D:3:      layout_rooms, nicolae_overflow_crystal_walls, minmay_strange_pillars,
          grunt_dithmenos_smoke, uniq_crazy_yiuf_cottage

Skill      XL: |  1  2  3  4 |
---------------+-------------+-----
Invocations    | 1 |  1.2
Short Blades   | 1 |  1.1
Long Blades    | 1 |  1.1
Axes           | 1 |  1.1
Maces & Flails | 1 |  1.1
Polearms       | 1 |  1.1
Staves         | 1 |  1.1
Bows           | 1 |  1.1
Crossbows      | 1 |  1.1
Throwing       | 1 |  1.1
Armour         | 1 |  1.1
Stealth        | 1 |  1.1
Shields        | 1 |  1.1
Unarmed Combat | 1 |  1.1
Evocations     | 1 |  1.1
Spellcasting   | 3 |  3.0
Fighting       | |  2.7
Slings         | |  4.6
Dodging        | |  4.6
Conjurations   | |  0.8
Hexes          | |  5.4
Charms         | |  0.8
Summonings     | |  0.8
Necromancy     | |  0.8
Translocations | |  0.8
Transmutations | |  0.8
Fire Magic     | |  0.8
Ice Magic      | |  0.8
Air Magic      | |  0.8
Earth Magic    | |  0.8
Poison Magic   | |  0.8

Action                   |  1- 3 |  4- 6 || total
-------------------------+-------+-------++-------
Melee: Dagger            |   141 |   103 ||   244
       Club              |    20 |       ||    20
       Bite              |    22 |    18 ||    40
       Punch             |     1 |       ||     1
 Fire: Hunting sling     |    25 |       ||    25
Throw: Stone             |     7 |     2 ||     9
 Cast: Corona            |     1 |     1 ||     2
  Use: Scroll            |     4 |       ||     4
  Eat: Chunk             |     1 |     2 ||     3
Armor: Ring mail         |    50 |    43 ||    93
Dodge: Dodged            |   143 |   115 ||   258
